AoeStats
← The_Economist

Golden Pit

509157212Analyzed
1v1 RM · 6d ago on Sep 25, 2026· 32m 49s· 2 players
Game mode
Random Map
Map size
Tiny (2 player)
Population
200
Speed
Normal
Resources
Standard
Victory
Conquest
Starting age
Dark Age
Ending age
Imperial Age
RankedLock teamsTeams togetherTeam positionsShared explorationLock speedFull tech treeHidden civsTurbo modeCheats
Victory
Defeat
🇺🇸 Malay · United States
1390
+15
🇨🇴 Saxons · Colombia
1367
-15
[_M_] Dave
7:18 Loom
9:36 Feudal Age
14:46 Double-Bit Axe
16:06 Fletching
21:41 Castle Age
19:43 Man-at-Arms
20:48 Gold Mining
20:51 Horse Collar
21:39 Forging
21:16 Arson
21:46 Long Swordsman
22:28 Scale Mail Armor
24:45 Chain Mail Armor
24:38 Squires
25:09 Gambesons
29:01 Wheelbarrow
28:54 Bow Saw
30:25 Heavy Plow
30:27 Town Watch
The_Economist
6:17 Loom
9:19 Feudal Age
11:01 Town Watch
12:12 Double-Bit Axe
18:21 Castle Age
21:43 Fletching
22:51 Bodkin Arrow
26:03 Wheelbarrow
25:21 Crossbowman
28:56 Ballistics
33:55 Imperial Age
32:16 Gold Mining
33:58 Gold Shaft Mining
Connection lost

Rejoining the realm…

Still unreachable

The connection could not be restored.

Session expired

The server has moved on; the page needs a fresh start.